 Dungeon Crawl Stone Soup version 0.28-a0-1415-g7c84da036a (webtiles) character file.

Game seed: 10276300829446238579

143696 Snarg the Fighter (level 16, -6/146 HPs)
             Began as a Demigod Wanderer on Jan 4, 2022.
             Killed from afar by Aizul (27 damage)
             ... with a poison arrow
             ... on level 2 of the Spider Nest on Jan 7, 2022.
             The game lasted 05:16:47 (46350 turns).

Snarg the Fighter (Demigod Wanderer)               Turns: 46350, Time: 05:16:59

Health: -6/146     AC: 24    Str: 30    XL:     16   Next: 31%
Magic:  31/31      EV: 14    Int: 22    God:
Gold:   1076       SH: 13    Dex: 19    Spells: 5/29 levels left

rFire   + + .      SeeInvis .   a - +8 quick blade of the Queen {freeze, rN+ Int+3}
rCold   x . .      Faith    .   V - +2 buckler
rNeg    + . .      Spirit   .   L - +0 fire dragon scales
rPois   .          Reflect  +   Y - +2 hat {Stlth+}
rElec   .          Harm     .   d - +2 cloak
rCorr   .          Rampage  .   y - +2 pair of gloves
Will    +....                   z - +0 pair of boots
Stlth   +++.......              x - amulet of reflection
HPRegen 0.34/turn               w - +6 ring of strength
MPRegen 0.22/turn               U - ring of wizardry

@: lethally poisoned (-6 -> -23), about to teleport
A: high mp 1, forlorn, divine attributes, iridescent scales 1, agile 1
a: no special abilities


You were on level 2 of the Spider Nest.
You visited 6 branches of the dungeon, and saw 26 of its levels.

You collected 2523 gold pieces.
You spent 1447 gold pieces at shops.

Inventory:

Hand Weapons
 a - the +8 quick blade of the Queen (weapon) {freeze, rN+ Int+3}
   (You acquired it on level 4 of the Dungeon)

   It freezes those it strikes, dealing additional cold damage.
   It can also slow down cold-blooded creatures.
   Int:       It affects your intelligence (+3).
   rN:        It protects you from negative energy.
 b - the +8 whip "Snakebite" {venom, curare, rPois}
   (You found it on level 4 of the Lair of Beasts)

   It poisons the flesh of those it strikes.
   It occasionally inflicts asphyxiating poison on those it strikes, dealing
   poison damage and causing slowness.
   rPois:     It protects you from poison.
 F - a +2 rapier of flaming
 I - a +4 dagger of draining
 T - a +1 hand crossbow of freezing
Missiles
 k - 66 poisoned darts (quivered)
 p - 6 javelins
 O - a curare-tipped dart
 R - 49 bolts
 S - 4 boomerangs
Armour
 d - a +2 cloak (worn)
 j - a +2 ring mail of cold resistance
 q - an orb of light
 y - a +2 pair of gloves (worn)
 z - a +0 pair of boots (worn)
 L - +0 fire dragon scales (worn)
 V - a +2 buckler (worn)
 Y - a +2 hat of stealth (worn)
Jewellery
 t - a +4 ring of protection
 w - a +6 ring of strength (left hand)
 x - an amulet of reflection (around neck)
 H - a ring of magical power
 K - a ring of protection from cold
 U - a ring of wizardry (right hand)
Wands
 s - a wand of iceblast (16)
 u - a wand of digging (5)
 A - a wand of flame (23)
 D - a wand of mindburst (17)
 N - a wand of paralysis (6)
 Q - a wand of acid (11)
 X - a wand of charming (3)
Scrolls
 e - a scroll of silence
 g - 8 scrolls of teleportation
 i - a scroll of fear
 m - 2 scrolls of vulnerability
 o - 4 scrolls of identify
 v - 2 scrolls of fog
 J - 3 scrolls of blinking
 W - a scroll of immolation
Potions
 c - 5 potions of heal wounds
 f - 3 potions of ambrosia
 h - a potion of curing
 l - 3 potions of might
 n - 5 potions of magic
 r - 2 potions of haste
 B - a potion of brilliance
 C - 5 potions of flight
 E - 2 potions of lignification
 M - a potion of resistance
Miscellaneous
 G - a tin of tremorstones (2/2)


   Skills:
 - Level 14.0 Fighting
 - Level 8.0 Short Blades
 - Level 1.0(3.8) Axes
 - Level 5.8(6.0) Maces & Flails
 - Level 1.0(1.4) Polearms
 - Level 0.9(3.8) Staves
 - Level 1.3 Bows
 - Level 1.0 Crossbows
 + Level 4.1 Throwing
 + Level 11.3 Armour
 - Level 7.0 Dodging
 - Level 7.0 Stealth
 - Level 5.0 Shields
 - Level 7.0 Spellcasting
 - Level 8.0 Conjurations
 - Level 0.8 Hexes
 - Level 0.8 Summonings
 - Level 0.9 Necromancy
 - Level 10.0 Translocations
 - Level 2.0 Transmutations
 - Level 6.0 Fire Magic
 - Level 0.7 Ice Magic
 - Level 1.3 Air Magic
 - Level 0.7 Earth Magic
 - Level 0.7 Poison Magic
 - Level 5.0 Evocations


You had 5 spell levels left.
You knew the following spells:

 Your Spells              Type           Power      Damage    Failure   Level
a - Conjure Flame         Conj/Fire      38%        6-21      1%          3
b - Blink                 Tloc           100%       N/A       1%          2
c - Sticky Flame          Conj/Fire      38%        2d6       4%          4
d - Gell's Gravitas       Tloc           51%        N/A       1%          3
e - Manifold Assault      Tloc           51%        N/A       4%          5
f - Wereblood             Tmut           16%        N/A       6%          2
g - Passage of Golubria   Tloc           51%        N/A       1%          4
h - Apportation           Tloc           100%       N/A       1%          1

Your spell library contained the following spells:

 Spells                   Type           Power      Damage    Failure   Level
 Teleport Other           Tloc           51%        N/A       1%          3
 Portal Projectile        Hex/Tloc       62%        N/A       2%          3
 Animate Skeleton         Necr           22%        N/A       6%          1
 Summon Small Mammal      Summ           44%        N/A       6%          1
 Inner Flame              Hex/Fire       22%        N/A       6%          3
 Corpse Rot               Necr/Air       24%        N/A       9%          2
 Poisonous Vapours        Pois/Air       24%        N/A       9%          2
 Sublimation of Blood     Necr           11%        N/A       9%          2
 Ignite Poison            Fire/Tmut/Pois 20%        N/A       9%          3
 Call Canine Familiar     Summ           11%        N/A       17%         3
 Tukima's Dance           Hex            11%        N/A       17%         3
 Ozocubu's Armour         Ice            11%        N/A       19%         3
 Summon Forest            Summ/Tloc      15%        N/A       26%         5
 Irradiate                Conj/Tmut      14%        3d18      28%         5
 Petrify                  Tmut/Erth      13%        N/A       43%         4
 Cause Fear               Hex            5%         N/A       50%         4
 Leda's Liquefaction      Hex/Erth       5%         N/A       50%         4
 Blade Hands              Tmut           8%         N/A       67%         5
 Yara's Violent Unravell  Hex/Tmut       7%         3d5       75%         5
 Metabolic Englaciation   Hex/Ice        5%         N/A       82%         5
 Summon Mana Viper        Hex/Summ       11%        N/A       82%         5
 Dispersal                Tloc           25%        N/A       21%         6
 Statue Form              Tmut/Erth      8%         N/A       99%         6
 Summon Cactus Giant      Summ           5%         N/A       100%        6
 Dragon Form              Tmut           8%         N/A       100%        7
 Ozocubu's Refrigeration  Ice            5%         4d6       100%        7
 Storm Form               Tmut/Air       7%         N/A       100%        7
 Summon Hydra             Summ           5%         N/A       100%        7
 Discord                  Hex            5%         N/A       100%        8


Dungeon Overview and Level Annotations

Branches:
Dungeon (13/15)            Temple (1/1) D:4            Lair (6/6) D:10
  Swamp (2/4) Lair:2       Spider (2/4) Lair:4        Slime (0/5) Lair:6
    Orc (2/2) D:12            Elf (0/3) Orc:2
 Vaults: D:13-14

Shops:
D:1 ?(*[   D:13 ![[:   Orc:1 [   Orc:2 (=*[

Annotations:
D:1 clr
D:2 clr
D:3 clr
D:4 clr
D:5 clr
D:6 clr
D:7 clr
D:9 clr
D:10 clr
D:11 clr
D:12 clr
D:13 clr
Lair:2 clr
Lair:3 clr
Lair:4 clr
Lair:5 clr
Lair:6 wclr
Swamp:2 clr
Spider:1 clr
Spider:2 Aizul
Orc:1 clr
Orc:2 2 transporters, browni3141's ghost, journeyman PaBe


Innate Abilities, Weirdness & Mutations

You have an increased reservoir of magic. (+10% MP)
You shall have no god before yourself.
Your divine heritage dramatically boosts your attributes as you level up.
You are partially covered in iridescent scales. (AC +2)
You are agile. (Dex +2)


Message History

Aizul hits you but does no damage.
You whack Aizul!
Aizul is lightly wounded.
You feel sick. Aizul hits you!
The +8 whip "Snakebite" {venom, curare, rPois} stops dripping with poison.
You feel clever.
The +8 quick blade of the Queen {freeze, rN+ Int+3} glows with a cold blue light!
a - the +8 quick blade of the Queen (weapon)
{freeze, rN+ Int+3} You feel sick.
Aizul hits you but does no damage.
You completely miss Aizul.
Aizul is lightly wounded.
You hit Aizul. You freeze Aizul.
Aizul is lightly wounded.
You feel sick. Aizul closely misses you.
You closely miss Aizul.
Aizul is lightly wounded.
You feel sick. Aizul misses you.
You hit Aizul. You freeze Aizul.
Aizul is moderately wounded.
You miss Aizul.
Aizul is moderately wounded.
You feel sick. Aizul hits you!
You puncture Aizul! You freeze Aizul.
Aizul is moderately wounded.
You feel much better.
You feel sick.
Aizul coils herself and waves her upper body at you.
You fall asleep.
Aizul hits you but does no damage.
You feel sick. Aizul hits you!!!
You wake up.
* * * LOW HITPOINT WARNING * * *
You hear an angry hiss.
Unknown command.
Unknown command.
As you read the scroll of teleportation, it crumbles to dust.
You feel strangely unstable.
You feel sick.
Aizul screams, "I'll haunt your nightmares!"
Aizul coils herself and waves her upper body at you.
The poison arrow hits you!!
You are more poisoned.
You die...

.....#.#..(...#... ##..##†S††...
.......^).....#... #[.##..†.....
####......#...#..##.#.^#...#####.
#.#.†...###.......#.^^.....†)..##
.<###.).# ###.....#......†.†..##.
..#s))#.# .......((.....##.......
.Ss)..### ##..(......#......†
#..#..# ###.S#...#######..#..
...#..# ###...@#.......#.#####.
..##..#####^.....#......##^....##
###...#....†..#.##....#...).....#
#.#####.......### ....#.......###
....#.###....## ^...#..######..
#...#.†....#..# .#..#.†...#....
###........#..# #........##
.......#...#..# #..#......#
...#...#..##..# #.##^†.####


You could see Aizul (very poisoned).

Vanquished Creatures
  Jorgrun (Swamp:2)
  Gastronok (D:8)
  Kirke (D:11)
  A thorn hunter (Swamp:2)
  An emperor scorpion (Spider:1)
  An orc warlord (Orc:1)
  2 broodmothers (Spider:1)
  2 entropy weavers
  2 bunyips
  An eleionoma (Swamp:2)
  Snorg (D:11)
  An ettin (Orc:1)
  Fannar (Orc:1)
  A rakshasa (D:13)
  A fire dragon (Lair:6)
  5 boulder beetles
  Harold (D:9)
  3 centaur warriors
  A jorogumo (Spider:1)
  13 hydras
  8 two-headed ogres
  A catoblepas (D:13)
  10 alligators
  2 orc high priests
  Urug (D:12)
  3 pharaoh ants
  Sonja (D:11)
  A fire crab (Lair:6)
  Nergalle (Orc:2)
  3 steelbarb worms
  3 bog bodies (Swamp:1)
  6 orb spiders
  2 spriggan druids
  3 orc knights
  A lindwurm (Lair:6)
  2 deep elf pyromancers (D:13)
  A will-o-the-wisp (Swamp:2)
  6 cyclopes
  3 orc sorcerers
  An ugly thing (D:13)
  7 wolf spiders
  3 manticores
  Maurice (D:12)
  20 elephants
  A moth of wrath (Spider:2)
  8 black mambas
  2 molten gargoyles (Lair:6)
  12 cane toads
  3 torpor snails
  A gargoyle (D:13)
  5 demonic crawlers
  15 komodo dragons
  A rime drake (Lair:6)
  A tengu conjurer (D:9)
  15 meliai
  A bloated husk (Swamp:2)
  21 tarantellas
  8 trolls
  3 tyrant leeches (Swamp:2)
  13 hornets
  33 blink frogs
  9 slime creatures
  6 dream sheep (Lair:5)
  Sigmund (D:5)
  16 jumping spiders
  27 yaks
  2 shadows
  14 culicivoras
  7 spriggans
  A wraith (D:11)
  A hog (D:12)
  10 wyverns
  37 redbacks
  Grum (D:9)
  4 basilisks
  6 steam dragons
  7 vampire mosquitoes
  9 swamp worms
  4 wargs
  Edmund (D:6)
  An acid dragon (D:13)
  27 water moccasins
  Duvessa (D:5)
  5 hell hounds (Lair:6)
  A sky beast (D:6)
  An ice beast (D:6)
  A hornet zombie (D:7)
  2 necrophages
  29 orc warriors
  10 ogres
  21 centaurs
  19 wolves
  5 kobold brigands
  A phantom (D:6)
  Blork the orc (D:6)
  18 bullfrogs
  3 scorpions
  A wyvern zombie (D:9)
  3 gnoll sergeants
  Dowan (D:5)
  3 killer bees
  6 wights
  3 electric eels
  2 bullfrog zombies (D:6)
  9 howler monkeys
  3 centaur zombies
  5 lava snakes (Lair:6)
  20 orc priests
  4 hounds
  3 jellies (D:3)
  Crazy Yiuf (D:2)
  2 gnoll shamans
  4 iguanas
  Natasha (thrice) (D:2)
  29 orc wizards
  2 killer bee zombies
  A hound zombie (D:5)
  5 hound skeletons
  A howler monkey zombie (D:9)
  7 gnolls
  A howler monkey skeleton (D:7)
  9 adders
  3 shadow imps
  A white imp (D:5)
  An ufetubus (D:6)
  An adder skeleton (D:4)
  4 dart slugs
  75 orcs
  4 bats
  15 endoplasms
  A giant cockroach (D:3)
  11 hobgoblins
  2 jackals (D:2)
  16 kobolds
  3 ball pythons
  A frilled lizard (D:3)
  10 goblins
  5 rats
864 creatures vanquished.

Vanquished Creatures (collateral kills)
  Saint Roka (Orc:2)
  An orc knight (Orc:2)
  A blink frog (Lair:6)
3 creatures vanquished.

Vanquished Creatures (others)
  2 humans (D:12)
  An orc (Orc:1)
  6 foxfires (Swamp:2)
  57 fungi
  85 plants
  7 toadstools (D:3)
158 creatures vanquished.

Grand Total: 1025 creatures vanquished

Notes
Turn   | Place    | Note
-------+----------+-------------------------------------------
     0 | D:1      | Snarg the Demigod Wanderer began the quest for the Orb.
     0 | D:1      | Snarg set off with the following items: a +2 dagger, a
                  | potion of heal wounds, a +0 hand crossbow, 23 bolts, a +0
                  | helmet, a +0 leather armour
     0 | D:1      | Reached XP level 1. HP: 14/14 MP: 4/4
   128 | D:1      | Found Gatzaikom's Magic Scroll Emporium.
   265 | D:1      | Found Deobb's Armour Shop.
   268 | D:1      | Reached XP level 2. HP: 22/22 MP: 5/5
   368 | D:1      | Found Raidd's General Store.
   371 | D:1      | Found Kost's Weapon Shoppe.
   559 | D:1      | Reached skill level 1 in Fighting
   852 | D:2      | Reached XP level 3. HP: 28/28 MP: 7/7
   869 | D:2      | Noticed Natasha
   874 | D:2      | Killed Natasha
   965 | D:2      | Reached skill level 2 in Fighting
   996 | D:2      | Noticed Natasha
  1011 | D:2      | Killed Natasha
  1012 | D:2      | Reached skill level 1 in Short Blades
  1012 | D:2      | Reached XP level 4. HP: 33/36 MP: 8/8
  1054 | D:2      | You fall into a shaft and drop 2 floors!
  1272 | D:4      | Identified a scroll of acquirement
  1272 | D:4      | Acquired the +8 quick blade of the Queen {freeze, rN+
                  | Int+3}
  1545 | D:3      | Reached XP level 5. HP: 40/41 MP: 9/9
  1783 | D:2      | Found a runed translucent door.
  1784 | D:2      | Noticed Crazy Yiuf
  1962 | D:2      | Noticed Natasha
  1972 | D:2      | Killed Natasha
  2260 | D:3      | Found Momif's Jewellery Shoppe.
  2513 | D:3      | Reached XP level 6. HP: 27/48 MP: 10/10
  3036 | D:1      | Bought a scroll of identify for 20 gold pieces
  3036 | D:1      | Bought a scroll of noise for 10 gold pieces
  3036 | D:1      | Bought a scroll of fear for 35 gold pieces
  3288 | D:4      | Found a staircase to the Ecumenical Temple.
  3778 | D:4      | Reached skill level 3 in Fighting
  3778 | D:4      | Reached XP level 7. HP: 57/57 MP: 11/11
  3823 | D:5      | Entered Level 5 of the Dungeon
  4135 | D:5      | Noticed a steam dragon
  4492 | Temple   | Entered the Ecumenical Temple
  4814 | D:5      | Learned a level 3 spell: Conjure Flame
  4878 | D:5      | Noticed Duvessa
  5136 | D:5      | Noticed Sigmund
  5216 | D:6      | Reached skill level 5 in Short Blades
  5252 | D:6      | Reached skill level 1 in Conjurations
  5252 | D:6      | Reached skill level 1 in Fire Magic
  5474 | D:6      | Reached XP level 8. HP: 62/63 MP: 12/12
  5552 | D:6      | Reached skill level 5 in Armour
  5834 | D:6      | Noticed Blork the orc
  5842 | D:6      | Killed Blork the orc
  6072 | D:6      | Noticed Edmund
  6102 | D:6      | Killed Edmund
  6293 | D:5      | Killed Duvessa
  6295 | D:5      | Noticed Dowan
  6440 | D:5      | Killed Dowan
  6508 | D:5      | Killed Sigmund
  6634 | D:5      | Learned a level 2 spell: Blink
  6868 | D:6      | Reached XP level 9. HP: 61/71 MP: 13/13
  7043 | D:6      | Reached skill level 4 in Fighting
  7692 | D:7      | Reached skill level 1 in Translocations
  8340 | D:7      | Reached skill level 5 in Fighting
  9170 | D:7      | Reached skill level 6 in Fighting
  9574 | D:8      | Reached XP level 10. HP: 81/82 MP: 16/16
  9689 | D:8      | Noticed Gastronok
 10354 | D:2      | Killed Crazy Yiuf
 10397 | D:2      | Learned a level 4 spell: Sticky Flame
 10580 | D:9      | Noticed a cyclops
 10664 | D:9      | Noticed Grum
 10742 | D:9      | Killed Grum
 10839 | D:9      | Noticed Harold
 11296 | D:9      | Reached skill level 7 in Fighting
 11303 | D:9      | Reached skill level 5 in Stealth
 11485 | D:9      | Paralysed by Harold for 4 turns
 11502 | D:9      | Killed Harold
 11723 | D:9      | Reached skill level 8 in Fighting
 12247 | D:9      | Killed a cyclops
 12368 | D:9      | Noticed a centaur warrior
 12385 | D:9      | Killed a centaur warrior
 12394 | D:9      | Reached skill level 5 in Conjurations
 12479 | D:9      | Reached XP level 11. HP: 57/95 MP: 19/19
 12596 | D:9      | Noticed a five-headed hydra
 12606 | D:9      | Killed a five-headed hydra
 12607 | D:9      | Reached skill level 9 in Fighting
 12839 | D:9      | Noticed a two-headed ogre
 12852 | D:9      | Noticed a seven-headed hydra
 12881 | D:9      | Killed a two-headed ogre
 12882 | D:9      | Reached skill level 1 in Shields
 12936 | D:10     | Entered Level 10 of the Dungeon
 13093 | D:10     | Reached skill level 5 in Dodging
 13102 | D:10     | Found a staircase to the Lair.
 13204 | Lair:1   | Entered Level 1 of the Lair of Beasts
 13487 | Lair:1   | Noticed a five-headed hydra
 13526 | D:10     | Noticed a two-headed ogre
 13531 | D:10     | Killed a two-headed ogre
 14375 | Lair:1   | Killed a five-headed hydra
 15192 | Lair:1   | Learned a level 3 spell: Gell's Gravitas
 15458 | Lair:2   | Reached skill level 5 in Fire Magic
 16262 | Lair:2   | Noticed an eight-headed hydra
 16391 | Lair:2   | Reached XP level 12. HP: 104/104 MP: 23/23
 16540 | Lair:2   | Reached skill level 5 in Spellcasting
 17051 | Lair:2   | Noticed a six-headed hydra
 17068 | Lair:2   | Killed a six-headed hydra
 17147 | Lair:2   | Killed an eight-headed hydra
 17308 | Lair:2   | Found a staircase to the Swamp.
 17713 | Lair:3   | Reached skill level 5 in Translocations
 17736 | Lair:3   | Reached skill level 1 in Bows
 17752 | Lair:2   | Reached skill level 1 in Air Magic
 18001 | Lair:3   | Reached skill level 1 in Axes
 18001 | Lair:3   | Reached skill level 1 in Polearms
 18007 | Lair:3   | Learned a level 5 spell: Manifold Assault
 18605 | Lair:3   | Noticed a five-headed hydra
 18621 | Lair:3   | Killed a five-headed hydra
 18851 | Lair:4   | Noticed a seven-headed hydra
 19035 | Lair:4   | Found a hole to the Spider Nest.
 19505 | Lair:4   | Noticed a seven-headed hydra
 19542 | Lair:4   | Killed a seven-headed hydra
 19941 | Lair:4   | Identified the -1 helmet of Inexute {Fly rC- Stlth+}
 20153 | Lair:4   | Noticed a five-headed hydra
 20163 | Lair:4   | Killed a five-headed hydra
 20605 | Lair:4   | Reached XP level 13. HP: 111/111 MP: 25/25
 20703 | Lair:4   | Found the +8 whip "Snakebite" {venom, curare, rPois}
 21042 | Lair:4   | Reached skill level 1 in Maces & Flails
 22047 | Lair:5   | Identified the +6 scimitar "Don Lovo" {pain, rElec Int+3}
 22527 | Lair:6   | Entered Level 6 of the Lair of Beasts
 23176 | D:8      | Killed Gastronok
 23491 | Lair:1   | Upgraded the game from 0.28-a0-1395-g4f6bc678fa to
                  | 0.28-a0-1404-g4df0f3684d
 23727 | D:1      | Bought a scroll of identify for 20 gold pieces
 23727 | D:1      | Bought a scroll of identify for 20 gold pieces
 23727 | D:1      | Bought 2 scrolls of fear for 70 gold pieces
 23729 | D:1      | Bought a scroll of identify for 20 gold pieces
 23729 | D:1      | Bought a scroll of summoning for 95 gold pieces
 24149 | D:11     | Noticed Snorg
 24168 | D:11     | Killed Snorg
 24453 | D:11     | Noticed Sonja
 24464 | D:11     | Killed Sonja
 24934 | D:12     | Noticed Maurice
 24949 | D:12     | Killed Maurice
 25220 | D:12     | Reached skill level 10 in Fighting
 25254 | D:12     | Noticed Kirke
 25589 | D:11     | Killed Kirke
 25726 | D:12     | Found a staircase to the Orcish Mines.
 26205 | D:12     | Noticed Urug
 26224 | D:12     | Killed Urug
 27255 | D:13     | Found Riecos's Distillery.
 27552 | D:13     | Reached XP level 14. HP: 89/121 MP: 13/27
 27627 | D:13     | Found Ryzepp's Book Boutique.
 27644 | D:13     | Learned a level 2 spell: Wereblood
 27646 | D:13     | Bought Great Wizards, Vol. VII for 390 gold pieces
 27651 | D:13     | Learned a level 4 spell: Passage of Golubria
 27681 | D:13     | Reached skill level 1 in Transmutations
 27815 | D:13     | Found Apaxuf's Antique Armour Boutique.
 27822 | D:13     | Bought a runed orb for 288 gold pieces
 27889 | D:13     | Found Nunaerph's Antique Armour Shop.
 27905 | D:13     | Bought a pair of embroidered gloves for 225 gold pieces
 28491 | D:13     | Identified the +0 robe of Baihepte {rN+}
 29421 | Orc:1    | Entered Level 1 of the Orcish Mines
 29636 | Orc:1    | Noticed an orc warlord
 29847 | Orc:1    | Killed an orc warlord
 29975 | Orc:1    | Upgraded the game from 0.28-a0-1404-g4df0f3684d to
                  | 0.28-a0-1412-gf95308ed99
 30379 | Orc:1    | You fall into a shaft and drop 1 floor!
 30379 | Orc:2    | Entered Level 2 of the Orcish Mines
 30400 | Orc:1    | Noticed Fannar
 30400 | Orc:1    | Noticed Nergalle
 30443 | Orc:2    | Killed Nergalle
 30462 | Orc:1    | Killed Fannar
 30529 | Orc:2    | Identified the +4 giant club of Giawae {speed, Will++
                  | Str+4}
 30530 | Orc:2    | Noticed browni3141's ghost (journeyman PaBe)
 30531 | Orc:2    | Found a transporter.
 30962 | Orc:1    | Found Qaal's Antique Armour Boutique.
 31096 | Orc:2    | Found a transporter.
 31262 | Orc:2    | Gained mutation: You have hidden genetic defects. [a
                  | neqoxec]
 31262 | Orc:2    | Gained mutation: You are dopey. (Int -2) [a neqoxec]
 31508 | Orc:2    | Noticed Saint Roka
 32659 | D:1      | Bought a scroll of identify for 20 gold pieces
 32659 | D:1      | Bought a scroll of identify for 20 gold pieces
 32659 | D:1      | Bought a scroll of fog for 20 gold pieces
 32933 | Swamp:1  | Entered Level 1 of the Swamp
 33326 | Swamp:1  | Learned a level 1 spell: Apportation
 33376 | Swamp:1  | Noticed a fenstrider witch
 33498 | Swamp:1  | Reached skill level 10 in Translocations
 33522 | Swamp:1  | Gained mutation: You occasionally shout uncontrollably at
                  | your foes. [hidden defects]
 33626 | Lair:1   | Lost mutation: You are dopey. (Int -2) [potion of mutation]
 33626 | Lair:1   | Lost mutation: You have hidden genetic defects. [potion of
                  | mutation]
 33626 | Lair:1   | Gained mutation: You frequently scream uncontrollably at
                  | your foes. [potion of mutation]
 33626 | Lair:1   | Gained mutation: You have large cloven feet. [potion of
                  | mutation]
 33627 | Lair:1   | Lost mutation: You have large cloven feet. [potion of
                  | mutation]
 33627 | Lair:1   | Lost mutation: You frequently scream uncontrollably at your
                  | foes. [potion of mutation]
 33627 | Lair:1   | Lost mutation: You occasionally shout uncontrollably at
                  | your foes. [potion of mutation]
 33627 | Lair:1   | Gained mutation: You are partially covered in iridescent
                  | scales. (AC +2) [potion of mutation]
 33627 | Lair:1   | Gained mutation: You are agile. (Dex +2) [potion of
                  | mutation]
 33728 | Spider:1 | Entered Level 1 of the Spider Nest
 33769 | Lair:4   | Reached skill level 5 in Shields
 33900 | Lair:4   | Reached skill level 11 in Fighting
 34800 | Spider:1 | Reached skill level 5 in Maces & Flails
 34800 | Spider:1 | Reached XP level 15. HP: 129/129 MP: 16/30
 36725 | Spider:2 | Reached skill level 12 in Fighting
 36996 | Spider:2 | Identified the +6 chain mail "Jidarch" {-Cast Dex+3 Slay+5
                  | Stlth+}
 37146 | Spider:2 | Noticed Aizul
 38045 | Lair:6   | Reached skill level 10 in Armour
 38609 | Lair:6   | Found a staircase to the Slime Pits.
 38892 | Lair:6   | Reached skill level 13 in Fighting
 39801 | Lair:6   | Found a large runed translucent door.
 39802 | Lair:6   | Found a large runed translucent door.
 42435 | Swamp:2  | Noticed a thorn hunter
 42442 | Swamp:2  | Killed a thorn hunter
 43039 | Swamp:2  | Reached XP level 16. HP: 132/145 MP: 21/31
 43342 | Swamp:2  | Noticed Jorgrun
 43374 | Swamp:2  | Killed Jorgrun
 44197 | Orc:2    | Found a staircase to the Elven Halls.
 44269 | Orc:2    | Killed Saint Roka
 44270 | Orc:2    | Reached skill level 5 in Evocations
 44628 | Orc:2    | Found Asusisak's Jewellery Boutique.
 44648 | Orc:2    | Found Vurefaqy's Antique Armour Boutique.
 44663 | Orc:2    | Found Kaza's General Store.
 44665 | Orc:2    | Found Xukhlanokh's Antique Weapon Boutique.
 44690 | Orc:2    | Bought a scroll of blinking for 97 gold pieces
 44690 | Orc:2    | Bought a scroll of blinking for 97 gold pieces
 45357 | Spider:2 | Reached skill level 14 in Fighting
 45848 | Spider:2 | Upgraded the game from 0.28-a0-1412-gf95308ed99 to
                  | 0.28-a0-1415-g7c84da036a
 46350 | Spider:2 | Killed from afar by Aizul

Illustrated notes

Levels and vault maps discovered:
D:1:      amcnicky_arrival_double_pillar, layout_rooms,
          dilly_ecumenical_altar_fadedgnrine, serial_shops,
          nicolae_shop_bloodbath_and_beyond, shop,
          nicolae_shop_advertising_works [nicolae_subvault_shop_adworks], shop
D:2:      layout_rooms, uniq_natasha, uniq_crazy_yiuf_cottage
D:3:      cheibrodos_fertilizer, layout_basic, serial_shops, shop,
          chequers_serial_rivers_small_b, guppyfry_early_orc_mine
D:4:      wander_river, layout_basic, okawaru_metal_pillars_1_2,
          minmay_temple_entry_tees
D:5:      layout_loops_ring, uniq_sigmund, uniq_duvessa
D:6:      minmay_diamond_boxcup, layout_rooms,
          chequers_temple_overflow_statue_of_worship, serial_corexii_hall,
          corexii_hall_statues_t, chequers_hall_statues_corner_a, minivault_27,
          st_stairs_13, uniq_edmund, uniq_blork_the_orc
D:7:      layout_rooms, enter_bailey_3
D:8:      layout_basic, uniq_gastronok
D:9:      nzn_winding_woodlands_medium [nzn_winding_woodlands_5x5_default,
          nzn_winding_woodlands_5x15_pool, nzn_winding_woodlands_hourglass,
          nzn_winding_woodlands_5x5_checkerboard,
          nzn_winding_woodlands_center_pierced_h,
          nzn_winding_woodlands_5x5_default,
          nzn_winding_woodlands_5x5_closed_star,
          nzn_winding_woodlands_5x15_twine, nzn_winding_woodlands_5x5_three],
          layout_irregular_city, nicolae_figureground_sparkle, uniq_grum,
          uniq_harold
D:10:     layout_loops_corners, david_lair_shrubbed
D:11:     layout_basic, chequers_serial_rivers_small_b, uniq_sonja, uniq_snorg
D:12:     layout_basic, minmay_orc_entry_guard_dogs, uniq_maurice, uniq_kirke,
          uniq_urug
D:13:     minmay_opposing_rooms, layout_long_grid, serial_shops,
          nicolae_shop_crystal, shop, shop, shop_fountains, drop_trap,
          grunt_ministairs_8, amcnicky_mini_rare_corridor_liquid
Temple:   dpeg_five_rooms_temple
Lair:1:   layout_chaotic_city
Lair:2:   layout_chaotic_city, swamp_mist, infiniplex_staircase_pool_2,
          grunt_megastairs_4
Lair:3:   layout_misc_corridors
Lair:4:   minmay_guarded_unrand_snakebite, layout_layer_cave,
          nicolae_spider_entry_tight_spaces
Lair:5:   layout_loops_ring, lemuel_fruit_tree
Lair:6:   cheibrodos_lair_end_hotspot, layout_misc_corridors,
          dpeg_slime_entry_enclosed_altar, infiniplex_staircase_pool,
          serial_bayou_shore_a
Swamp:1:  layout_falls_marsh, evilmike_swamp_ruin_house_5
Swamp:2:  layout_basic_swamp, hangedman_swamp_cone, uniq_jorgrun
Spider:1: layout_spider_delve, drop_trap, lemuel_hornet_nest
Spider:2: layout_spider_delve, nicolae_spider_eight_legs, uniq_aizul
Orc:1:    layout_caves, serial_shops, shop, basic_altar, trog_butcher_becter,
          uniq_fannar, uniq_nergalle
Orc:2:    grunt_orc_cross, layout_diamond_mine, gammafunk_ghost_smash

Skill      XL: |  1  2  3  4  5  6  7  8  9 10 11 12 13 14 15 16 |
---------------+-------------------------------------------------+-----
Stealth        | 3 4 5 6 7 |  7.0
Dodging        | 2 3 4 5 6 7 |  7.0
Fighting       | 1 2 3 6 8 9 10 11 13 14 | 14.0
Short Blades   | 1 2 3 4 5 6 7 8 |  8.0
Armour         | 2 3 4 6 7 8 9 10 11 | 11.3
Throwing       | 2 3 4 |  4.1
Conjurations   | 1 3 5 6 7 8 |  8.0
Fire Magic     | 1 3 4 5 6 |  6.0
Translocations | 3 4 5 8 10 | 10.0
Spellcasting   | 2 3 4 5 6 7 |  7.0
Shields        | 4 5 |  5.0
Evocations     | 2 4 5 |  5.0
Bows           | 1 |  1.3
Air Magic      | 1 |  1.3
Axes           | 1 |  1.0
Polearms       | 1 |  1.0
Maces & Flails | 4 5 |  5.8
Transmutations | 2 |  2.0
Staves         | |  0.9
Crossbows      | |  1.0
Hexes          | |  0.8
Summonings     | |  0.8
Necromancy     | |  0.9
Ice Magic      | |  0.7
Earth Magic    | |  0.7
Poison Magic   | |  0.7

Action                   |  1- 3 |  4- 6 |  7- 9 | 10-12 | 13-15 | 16-18 || total
-------------------------+-------+-------+-------+-------+-------+-------++-------
Melee: Dagger            |    51 |     9 |       |       |       |       ||    60
       Quick blade       |       |    82 |   293 |   814 |  1181 |   164 ||  2534
       Whip              |       |       |       |       |   782 |   109 ||   891
       Unarmed           |       |       |       |       |     5 |       ||     5
 Fire: Hand crossbow     |    33 |    51 |   108 |    97 |       |       ||   289
Throw: Dart              |       |     6 |    33 |   155 |   298 |    41 ||   533
       Stone             |       |       |     1 |     4 |       |       ||     5
       Throwing net      |       |       |       |     2 |       |       ||     2
       Boomerang         |       |       |       |     2 |    12 |       ||    14
       Javelin           |       |       |       |       |     6 |       ||     6
 Cast: Conjure Flame     |       |       |     1 |     9 |    16 |       ||    26
       Sticky Flame      |       |       |       |    27 |    92 |    20 ||   139
       Blink             |       |       |       |     8 |    13 |       ||    21
       Gell's Gravitas   |       |       |       |     3 |     4 |       ||     7
       Manifold Assault  |       |       |       |     2 |   191 |    26 ||   219
       Wereblood         |       |       |       |       |    18 |     1 ||    19
       Passage of Golubr |       |       |       |       |     5 |       ||     5
Evoke: Wand              |       |       |     3 |    10 |    29 |     1 ||    43
  Use: Scroll            |       |    11 |     3 |    12 |    13 |     3 ||    42
       Potion            |       |       |     1 |     3 |    24 |     2 ||    30
 Stab: Sleeping          |     1 |       |     4 |    10 |    13 |       ||    28
       Paralysed         |       |       |     2 |     2 |     1 |       ||     5
       Held in net/web   |       |       |       |     1 |       |       ||     1
       Invisible         |       |       |       |       |    13 |       ||    13
       Distracted        |       |       |       |       |     1 |       ||     1
Armor: Leather armour    |    14 |     2 |       |       |       |       ||    16
       Ring mail         |       |    19 |    23 |       |       |       ||    42
       Steam dragon scal |       |       |    18 |    32 |    39 |       ||    89
       Troll leather arm |       |       |     7 |   107 |   281 |       ||   395
       Fire dragon scale |       |       |       |       |    39 |    73 ||   112
       Scale mail        |       |       |       |       |    16 |       ||    16
Dodge: Dodged            |    25 |    35 |   110 |   255 |   584 |    59 ||  1068
Block: Buckler           |       |       |       |   122 |   698 |    92 ||   912
       Reflection        |       |       |       |       |    24 |     1 ||    25
       Other             |       |       |       |       |     1 |       ||     1

Table legend: (Time is in decaauts)
 A = Elapsed time spent in this place.
 B = Non-inter-level travel time spent in this place.
 C = Inter-level travel time spent in this place.
 D = Time resting spent in this place.
 E = Time spent auto-exploring this place.
 F = Levels seen in this place.
 G = Mean time per level.
                   A        B        C        D        E       F      G
               +--------+--------+--------+--------+--------+-----+--------+
         Total |  44931 |  37740 |   7191 |  10950 |  16680 |  26 | 1728.1 |
       Dungeon |  20739 |  17268 |   3471 |   3908 |   8702 |  13 | 1595.3 |
        Temple |    289 |    259 |     30 |      0 |    248 |   1 |  289.0 |
          Lair |  12604 |  10667 |   1937 |   2769 |   5310 |   6 | 2100.7 |
         Swamp |   3472 |   3088 |    384 |   1384 |   1014 |   2 | 1736.0 |
   Spider Nest |   4636 |   3842 |    794 |   1854 |    877 |   2 | 2318.0 |
  Orcish Mines |   3189 |   2615 |    574 |   1033 |    529 |   2 | 1594.5 |
               +--------+--------+--------+--------+--------+-----+--------+

Top non-repeatable levels by time:
  Lair:4: 3191 daAuts
Spider:1: 3108 daAuts
  Lair:6: 2612 daAuts
     D:6: 2517 daAuts
  Lair:1: 2235 daAuts
     D:9: 2146 daAuts
    D:13: 2100 daAuts
    D:12: 2026 daAuts
  Lair:2: 1937 daAuts
   Orc:2: 1929 daAuts
 Swamp:2: 1873 daAuts
     D:8: 1700 daAuts
    D:10: 1693 daAuts
 Swamp:1: 1598 daAuts
Spider:2: 1528 daAuts
